 Dungeon Crawl Stone Soup version 0.28-a0-991-g956f0ee3d5 (webtiles) character file.

Game seed: 6428232584591228211

677 gimp the Digger (level 7, 0/50 HPs)
             Began as a Demigod Earth Elementalist on Dec 5, 2021.
             Slain by a lemure (8 damage)
             ... led by Pikel
             ... on level 5 of the Dungeon.
             The game lasted 00:07:51 (5625 turns).

gimp the Digger (Demigod Earth Elementalist)        Turns: 5625, Time: 00:07:51

Health: 0/50       AC:  2    Str:  9    XL:     7   Next: 11%
Magic:  14/14      EV: 12    Int: 25    God:
Gold:   103        SH:  0    Dex: 14    Spells: 4/12 levels left

rFire   . . .      SeeInvis .   a - +2 dagger (venom)
rCold   . . .      Faith    .   (no shield)
rNeg    . . .      Spirit   .   h - +0 robe
rPois   +          Reflect  .   (no helmet)
rElec   .          Harm     .   (no cloak)
rCorr   .          Rampage  .   (no gloves)
Will    .....                   (no boots)
Stlth   ++........              (no amulet)
HPRegen 0.16/turn               g - ring of poison resistance
MPRegen 0.14/turn               (no ring)

@: no status effects
A: high mp 1, forlorn, divine attributes
a: no special abilities


You were on level 5 of the Dungeon.
You visited 1 branch of the dungeon, and saw 5 of its levels.

You collected 103 gold pieces.

Inventory:

Hand Weapons
 a - a +2 dagger of venom (weapon)
 b - a +2 whip of venom
 p - a +0 dagger
Missiles
 c - 116 stones
 o - a throwing net
Armour
 h - a +0 robe (worn)
 j - a +2 chain mail of cold resistance
Jewellery
 g - a ring of poison resistance (left hand)
Wands
 d - a wand of paralysis (8)
 f - a wand of iceblast (5)
 k - a wand of polymorph (7)
 m - a wand of charming (13)
Scrolls
 i - a scroll of teleportation
 l - a scroll of brand weapon
 n - a scroll of identify
 q - a scroll of immolation
Potions
 e - 2 potions of mutation


   Skills:
 * Level 3.0 Short Blades
 - Level 2.0 Maces & Flails
 - Level 1.7 Dodging
 - Level 1.7 Stealth
 - Level 3.0 Spellcasting
 - Level 2.0 Transmutations
 * Level 5.8 Earth Magic


You had 4 spell levels left.
You knew the following spells:

 Your Spells              Type           Power      Damage    Failure   Level
a - Sandblast             Erth           64%        2d14      1%          1
b - Stone Arrow           Conj/Erth      36%        3d9       9%          3
c - Petrify               Tmut/Erth      23%        N/A       21%         4

Your spell library contained the following spells:

 Spells                   Type           Power      Damage    Failure   Level
 Passwall                 Tmut/Erth      19%        N/A       3%          2
 Apportation              Tloc           6%         N/A       10%         1
 Slow                     Hex            12%        N/A       10%         1
 Confusing Touch          Hex            3%         N/A       30%         3
 Vampiric Draining        Necr           3%         2d6       30%         3
 Alistair's Intoxication  Tmut/Pois      5%         N/A       88%         5


Dungeon Overview and Level Annotations

Branches:
Dungeon (5/15)
 Temple: D:4-7

Annotations:
D:2 Sigmund
D:5 Pikel


Innate Abilities, Weirdness & Mutations

You have an increased reservoir of magic. (+10% MP)
You shall have no god before yourself.
Your divine heritage dramatically boosts your attributes as you level up.


Message History

The ice beast hits you. The ice beast freezes you!
You take 13 damage, and have 32/45 hp.
MASSIVE DAMAGE!!
You now have 9/13 mp.
Casting: Stone Arrow (dangerous; 10% risk of failure)
Confirm with . or Enter, or press ? or * to list all spells.
Aiming: Stone Arrow (dangerous; 10% risk of failure)
Press: ? - help, Shift-Dir - straight line, f/p - ice beast
Aim: an ice beast (heavily wounded, 68% to hit)
The stone arrow hits the ice beast!
The ice beast is severely wounded.
The ice beast completely misses you.
You now have 6/13 mp.
Casting: Stone Arrow (dangerous; 10% risk of failure)
Confirm with . or Enter, or press ? or * to list all spells.
Aiming: Stone Arrow (dangerous; 10% risk of failure)
Press: ? - help, Shift-Dir - straight line, f/p - ice beast
Aim: an ice beast (severely wounded, 68% to hit)
The stone arrow hits the ice beast!
You kill the ice beast!
Your Short Blades skill increases to level 3!
You have reached level 7!
You regained 4 hp, and now have 36/50 hp.
You now have 3/14 mp.
You start resting.
Magic restored.
You regained 11 hp, and now have 47/50 hp.
MP restored: 14 You start resting.
HP restored.
Health restored: 50 You climb downwards.
The lemure barely misses you. The lemure hits you.
The lemure closely misses you. The lemure hits you.
A lemure comes into view.
There is a stone staircase leading up, spattered with blood here.
You take 5 damage, and have 45/50 hp.
The lemure hits you. The lemure barely misses you.
Pikel zaps a wand.
The bolt of acid hits you!!
Ouch! That really hurt!
* * * LOW HITPOINT WARNING * * *
The lemure hits you!
You die...

.# ## .# #. .#
#### #.
.##....
#.#......#
###......#
...#..5.5..#
#.....5@..#
#.##......#
#..........
..........##.#
#.##....... ..
. #...K.... .
#..<......
#...5....Z#


You could see Pikel, 4 lemures and a hound skeleton (wandering).

Vanquished Creatures
  An ice beast (D:4)
  Blork the orc (D:4)
  A scorpion (D:4)
  A hound (D:4)
  A jelly (D:4)
  An orc priest (D:4)
  A bullfrog skeleton (D:2)
  2 iguanas
  2 orc wizards (D:4)
  A hound skeleton (D:4)
  4 gnolls (D:3)
  7 adders
  A worm (D:1)
  3 dart slugs
  19 orcs
  7 ball pythons
  3 bats (D:1)
  9 endoplasms
  A giant cockroach (D:3)
  6 goblins
  7 hobgoblins
  3 quokkas
  A frilled lizard (D:2)
  8 kobolds
  A quokka skeleton (D:4)
  7 rats
99 creatures vanquished.

Notes
Turn   | Place    | Note
-------+----------+-------------------------------------------
     0 | D:1      | gimp the Demigod Earth Elementalist began the quest for the
                  | Orb.
     0 | D:1      | Reached XP level 1. HP: 14/14 MP: 5/5
    25 | D:1      | Reached skill level 1 in Transmutations
   564 | D:1      | Reached skill level 3 in Earth Magic
   564 | D:1      | Reached XP level 2. HP: 10/20 MP: 4/7
  1406 | D:2      | Reached XP level 3. HP: 26/26 MP: 2/8
  1831 | D:2      | Noticed Sigmund
  2280 | D:2      | Reached skill level 1 in Maces & Flails
  2280 | D:2      | Reached XP level 4. HP: 33/33 MP: 8/10
  2400 | D:2      | Learned a level 3 spell: Stone Arrow
  3154 | D:3      | Reached skill level 4 in Earth Magic
  3314 | D:3      | Reached XP level 5. HP: 15/38 MP: 8/11
  4361 | D:4      | Reached XP level 6. HP: 28/45 MP: 13/13
  4481 | D:4      | Reached skill level 1 in Short Blades
  4481 | D:4      | Reached skill level 5 in Earth Magic
  4771 | D:4      | Noticed Blork the orc
  4786 | D:4      | Killed Blork the orc
  5296 | D:4      | Learned a level 4 spell: Petrify
  5528 | D:5      | Entered Level 5 of the Dungeon
  5535 | D:4      | Reached XP level 7. HP: 36/50 MP: 3/14
  5624 | D:5      | Noticed Pikel
  5625 | D:5      | Slain by a lemure

Illustrated notes

Levels and vault maps discovered:
D:1:      wander_arrival_abandoned_jail, layout_basic
D:2:      layout_rooms, uniq_sigmund
D:3:      layout_basic, mainiacjoe_overflow_alcove_2,
          mainiacjoe_overflow_concentric_impassable, kennysheep_nondescript
D:4:      layout_loops_cross, uniq_blork_the_orc
D:5:      layout_rooms, overflow_temple_1_default, kennysheep_mini_moat,
          minmay_temple_entry_ruins, uniq_ijyb, uniq_pikel, uniq_edmund

Skill      XL: |  1  2  3  4  5  6 |
---------------+-------------------+-----
Transmutations | 1 2 |  2.0
Earth Magic    | 3 4 5 |  5.8
Spellcasting   | 2 3 |  3.0
Maces & Flails | 1 2 |  2.0
Short Blades   | 3 |  3.0
Dodging        | |  1.7
Stealth        | |  1.7

Action                   |  1- 3 |  4- 6 |  7- 9 || total
-------------------------+-------+-------+-------++-------
Melee: Dagger            |    53 |    45 |       ||    98
       Whip              |    17 |    75 |       ||    92
 Cast: Sandblast         |    37 |    47 |       ||    84
       Stone Arrow       |       |     3 |       ||     3
  Use: Scroll            |       |     6 |       ||     6
 Stab: Sleeping          |     1 |     3 |       ||     4
Armor: Robe              |    24 |    12 |       ||    36
Dodge: Dodged            |    58 |    80 |     3 ||   141

Table legend: (Time is in decaauts)
 A = Elapsed time spent in this place.
 B = Non-inter-level travel time spent in this place.
 C = Inter-level travel time spent in this place.
 D = Time resting spent in this place.
 E = Time spent auto-exploring this place.
 F = Levels seen in this place.
 G = Mean time per level.
                   A        B        C        D        E       F      G
               +--------+--------+--------+--------+--------+-----+--------+
         Total |   5626 |   5483 |    143 |    684 |   3928 |   5 | 1125.2 |
       Dungeon |   5626 |   5483 |    143 |    684 |   3928 |   5 | 1125.2 |
               +--------+--------+--------+--------+--------+-----+--------+

Top non-repeatable levels by time:
     D:1: 1721 daAuts
     D:4: 1444 daAuts
     D:3: 1335 daAuts
     D:2: 1121 daAuts
     D:5: 4 daAuts
